 Dungeon Crawl Stone Soup version 0.30-a0-365-ge7f957f1db (webtiles) character file.

Game seed: 2379345120601254603

46 vineage the Trooper (level 3, 0/26 HPs)
             Began as a Gargoyle Fighter on Nov 16, 2022.
             Slain by a goblin
             ... wielding a +0 club
              (2 damage)
             ... on level 2 of the Dungeon.
             The game lasted 00:02:07 (631 turns).

vineage the Trooper (Gargoyle Fighter)               Turns: 631, Time: 00:02:08

Health: 0/26       AC: 10    Str: 21    XL:     3   Next: 68%
Magic:  3/3        EV:  9    Int:  8    God:
Gold:   36         SH:  4    Dex:  9    Spells: 2/2 levels left

rFire   . . .      SeeInvis .    a - +0 flail
rCold   . . .      Faith    .    c - +0 buckler
rNeg    + . .      Spirit   .    b - +0 scale mail
rPois   ∞          Reflect  .    (no helmet)
rElec   +          Harm     .    (no cloak)
rCorr   .          Rampage  .    (no gloves)
Will    .....                    (no boots)
Stlth   ..........               (no amulet)
HPRegen 0.24/turn                (no ring)
MPRegen 0.08/turn                (no ring)

@: no status effects
A: sickness immunity, AC +3, negative energy resistance 1, electricity
resistance, torment resistance 1, petrification resistance
a: no special abilities


You were on level 2 of the Dungeon.
You visited 1 branch of the dungeon, and saw 2 of its levels.

You collected 36 gold pieces.

Inventory:

Hand Weapons
 a - a +0 flail (weapon)
Armour
 b - a +0 scale mail (worn)
 c - a +0 buckler (worn)
Scrolls
 f - a scroll of identify
 g - a scroll of fog
Potions
 d - a potion of degeneration {unknown}
 h - a potion of cancellation


   Skills:
 * Level 5.0 Fighting
 - Level 2.0 Maces & Flails
 - Level 3.2 Armour
 - Level 3.2 Shields


You had 2 spell levels left.
You didn't know any spells.
Your spell library contained the following spells:

 Spells                   Type           Power      Damage    Failure   Level
 Gell's Gravitas          Tloc           0%         N/A       99%         3
 Lesser Beckoning         Tloc           0%         N/A       99%         3
 Teleport Other           Tloc           0%         N/A       99%         3


Dungeon Overview and Level Annotations

Branches:
Dungeon (2/15)

Altars:

Shops:
D:1 !   D:2 [


Innate Abilities, Weirdness & Mutations

You are immune to sickness and miasma.
Your stone body is resilient. (AC +3)
You are immune to poison.
You resist negative energy. (rN+)
You are resistant to electric shocks. (rElec)
You are resistant to unholy torment.
You are immune to petrification.


Message History

A gnoll comes into view. It is wielding a +0 spear.
The goblin hits you but does no damage.
You see here a +0 halberd.
Things that are here:
a +0 spear; a gnoll corpse
There is an open door, spattered with blood here.
It was a potion of cancellation.
Your magical effects are unravelling.
You feel magically purged.
You feel a little less mighty now. The goblin hits you with a +0 club.
* * * LOW HITPOINT WARNING * * *
Okay, then.
As you read the scroll labelled AHAK NEEQA, it crumbles to dust.
It is a scroll of identify.
g - 2 scrolls of fog You block the goblin's attack.
Okay, then.
As you read the scroll of fog, it crumbles to dust.
The scroll dissolves into smoke.
The goblin hits you but does no damage. The gnoll hits you but does no damage.
As you read the scroll labelled UTYFAH TOEKOIC, it crumbles to dust.
The creatures around you are filled with an inner flame!
It was a scroll of immolation.
The goblin completely misses you. The gnoll hits you but does no damage.
Nothing appears to happen.
As you read the scroll labelled DICLES ZEJUNUU, it crumbles to dust.
It was a scroll of poison.
The gnoll hits you but does no damage. You block the goblin's attack.
You enter the shallow water.
Moving in this stuff is going to be slow.
You see here a pink potion.
You see here an inky potion.
d - an inky potion The goblin hits you with a +0 club.
* * * LOW HITPOINT WARNING * * *
The gnoll barely misses you. The goblin attacks as you move away!
The goblin barely misses you. The goblin attacks as you move away!
The goblin hits you with a +0 club.
You die...

... #.§§≈≈§.# ....
#.≈≈≈≈≈.#
.....#.≈§§≈§.# #
#.....#..≈§≈..# ...
#.....##...§.##....#
#..........§<.......
#........###########
.#........##§§§~~~~#
...........#§§g@!!~#
#.......§##§g§...~#
##.....K§§§§§§..~#
###..####§§§§§.~#
#..# #§§....~# #...#
#~.....~# #.#g.
#~~~~~~~# ..##.
######### ..# ..


You could see a gnoll (inner flame) and a goblin (inner flame).

Vanquished Creatures
  2 gnolls (D:2)
  3 ball pythons (D:1)
  A bat (D:1)
  4 giant cockroaches (D:1)
  2 goblins (D:1)
  5 hobgoblins
  2 kobolds (D:1)
  6 rats (D:1)
25 creatures vanquished.

Notes
Turn   | Place    | Note
-------+----------+-------------------------------------------
     0 | D:1      | vineage the Gargoyle Fighter began the quest for the Orb.
     0 | D:1      | Reached XP level 1. HP: 14/14 MP: 1/1
    78 | D:1      | Reached XP level 2. HP: 20/20 MP: 2/2
   174 | D:1      | Reached skill level 4 in Fighting
   312 | D:1      | Found Afaigobb's Distillery.
   448 | D:1      | Reached XP level 3. HP: 20/24 MP: 3/3
   570 | D:2      | Found Hiliebb's Armour Shoppe.
   608 | D:2      | HP: 1/25 [gnoll/+0 halberd (8)]
   614 | D:2      | Reached skill level 5 in Fighting
   631 | D:2      | Slain by a goblin

Illustrated notes

Levels and vault maps discovered:
D:1:      minmay_arrival_four_loops, layout_rooms, serial_shops,
          nicolae_shop_statue_plus
D:2:      layout_rooms, serial_shops, nicolae_diamond_shop,
          nicolae_shop_hallway_stairs, shop_statue, nicolae_lakefront_shop,
          dk_vineyard_1, kennysheep_another_room

Skill      XL: |  1  2  3 |
---------------+----------+-----
Fighting       | 4 5 |  5.0
Maces & Flails | |  2.0
Armour         | |  3.2
Shields        | |  3.2

Action                   || total
-------------------------++-------
Melee: Flail             ||    90
  Use: Scroll            ||     4
       Potion            ||     2
Armor: Scale mail        ||    47
Dodge: Dodged            ||    52
Block: Buckler           ||    24

Table legend: (Time is in decaauts)
 A = Elapsed time spent in this place.
 B = Non-inter-level travel time spent in this place.
 C = Inter-level travel time spent in this place.
 D = Time resting spent in this place.
 E = Time spent auto-exploring this place.
 F = Levels seen in this place.
 G = Mean time per level.
                   A        B        C        D        E       F      G
               +--------+--------+--------+--------+--------+-----+--------+
         Total |    662 |    660 |      2 |      0 |    457 |   2 |  331.0 |
       Dungeon |    662 |    660 |      2 |      0 |    457 |   2 |  331.0 |
               +--------+--------+--------+--------+--------+-----+--------+

Top non-repeatable levels by time:
     D:1: 597 daAuts
     D:2: 65 daAuts
